 Dungeon Sprint DCSS version 0.23.2-33-g5129a83184 (webtiles) character file.

Game seed: 13149931433421407816

9000000 Groucho the Champion of Chaos (level 27, -71/249 HPs)
             Began as a Gnoll Skald on July 17, 2019.
             Was the Champion of Makhleb.
             Annihilated by a destroyer
             ... wielding a +9 great sword of slicing
              (97 damage)
             ... in the Dungeon (Sprint VIII: "Arena of Blood").
             The game lasted 00:05:33 (90 turns).

Groucho the Champion of Chaos (Gnoll Skald)           Turns: 90, Time: 00:05:34

Health: -71/249    AC:  6    Str: 15    XL:     27
Magic:  29/54      EV: 36    Int: 18    God:    Makhleb [******]
Gold:   0          SH:  0    Dex: 24    Spells: 79/80 levels left

rFire    . . .     SeeInvis .   c - +∞ Axe of Woe
rCold    . . .     Gourm    .   (shield currently unavailable)
rNeg     . . .     Faith    .   b - +0 leather armour
rPois    .         Spirit   .   (no helmet)
rElec    .         Reflect  .   (no cloak)
rCorr    .         Harm     .   (no gloves)
MR       ++...     NoTele   +   (no boots)
Stlth    +++++++++.             (no amulet)
HPRegen  0.51/turn              (no ring)
MPRegen  0.34/turn              (no ring)

@: no status effects
A: distributed training, fangs 1, strong nose
a: Minor Destruction, Lesser Servant of Makhleb, Major Destruction, Greater
Servant of Makhleb, Renounce Religion


You were in the Dungeon.
You worshipped Makhleb.
Makhleb was exalted by your worship.
You were not hungry.

You visited 1 branch

Inventory:

Hand Weapons
 a - a +0 hand axe
 c - the +∞ Axe of Woe (weapon)
   (You found it in the Dungeon)
Armour
 b - a +0 leather armour (worn)
Jewellery
 k - a +100 ring of slaying
 l - a +200 ring of slaying
 m - a +200 ring of slaying
 n - a +100 ring of slaying
Scrolls
 j - a scroll of blinking
Potions
 e - a potion of curing
 f - a potion of heal wounds
 g - a potion of haste
 h - 2 potions of magic
 i - a potion of berserk rage
Comestibles
 d - a ration


   Skills:
 O Level 27 Fighting
 O Level 27 Short Blades
 O Level 27 Long Blades
 O Level 27 Axes
 O Level 27 Maces & Flails
 O Level 27 Polearms
 O Level 27 Staves
 O Level 27 Slings
 O Level 27 Bows
 O Level 27 Crossbows
 O Level 27 Throwing
 O Level 27 Armour
 O Level 27 Dodging
 O Level 27 Stealth
 O Level 27 Shields
 O Level 27 Unarmed Combat
 O Level 27 Spellcasting
 O Level 27 Conjurations
 O Level 27 Hexes
 O Level 27 Charms
 O Level 27 Summonings
 O Level 27 Necromancy
 O Level 27 Translocations
 O Level 27 Transmutations
 O Level 27 Fire Magic
 O Level 27 Ice Magic
 O Level 27 Air Magic
 O Level 27 Earth Magic
 O Level 27 Poison Magic
 O Level 27 Invocations
 O Level 27 Evocations


You had 79 spell levels left.
You knew the following spells:

 Your Spells              Type           Power        Failure   Level  Hunger
a - Infusion              Chrm           ####         0%          1    None

Your spell library contained the following spells:

 Spells                   Type           Power        Failure   Level  Hunger
 Shroud of Golubria       Chrm/Tloc      #######...   0%          2    None
 Song of Slaying          Chrm           #######.     0%          2    None
 Regeneration             Chrm/Necr      #######...   0%          3    None
 Spectral Weapon          Hex/Chrm       #######.     0%          3    None


Dungeon Overview and Level Annotations

Branches:
Dungeon (1/1)

Altars:
Makhleb


Innate Abilities, Weirdness & Mutations

Your experience applies equally to all skills.
You have very sharp teeth.
Your uncanny sense of smell can sniff out nearby items.


Message History

* * * LOW HITPOINT WARNING * * *
The destroyer draws strength from your injuries!
You hear a shout! x3
A destroyer comes into view.
It is wielding a +9 great sword of slicing.
You hear a shout! x2
Unknown command.
You hear a shout! x2
The meat berserker rages.
You hear a shout! x5
A meat beast comes into view.
A meat berserker comes into view. It is wielding a +9 battleaxe.
You hear a shout!
The accursed casts a spell at you. Something smites you!
* * * LOW HITPOINT WARNING * * *
The destroyer blinks!
You hear a shout!
The tyrant mumbles some strange words.
The destroyer hits you with a +9 great sword of slicing!!!!
You die...

.........
#O......# #..
....# .. .###..
...###...
o%....###).......
..%.M%_)))....z.
...#V))))#..DO..
#_)o°°# .....
#..)@)# ....
.......V))2O§2L..
......###..o.oX..
.###.. ..%###...
#.. .o.# . #.
...# .. ..... ..
....


You could see an accursed, 2 meat beasts, a tyrant, 2 destroyers, a large
abomination, 2 meat berserkers and 4 bags of meat.

Vanquished Creatures
  4 hell beasts (D)
  3 greater mummies (D)
  A wraith (D)
  Harold (D)
  12 vampire knights (D)
  21 ogres (D)
  6 two-headed ogres (D)
  2 liches (D)
  A hydra (D)
  42 orcs (D)
  2 phantoms (D)
  6 skeletal warriors (D)
  3 large abominations (D)
  4 small abominations (D)
  9 crawling corpses (D)
117 creatures vanquished.

Vanquished Creatures (others)
  3 crawling corpses (D)
3 creatures vanquished.

Grand Total: 120 creatures vanquished

Notes
Turn   | Place    | Note
-------+----------+-------------------------------------------
     0 | D        | Found the +∞ Axe of Woe
     0 | D        | Groucho the Gnoll Skald began the quest for the Orb.
     0 | D        | Reached XP level 1. HP: 20/20 MP: 6/6
     1 | D        | Noticed a meat berserker
     2 | D        | Noticed a bag of meat
     3 | D        | Killed a meat berserker
     3 | D        | Reached skill level 10 in Conjurations
     3 | D        | Reached skill level 10 in Hexes
     3 | D        | Reached skill level 10 in Summonings
     3 | D        | Reached skill level 10 in Necromancy
     3 | D        | Reached skill level 10 in Translocations
     3 | D        | Reached skill level 10 in Transmutations
     3 | D        | Reached skill level 10 in Fire Magic
     3 | D        | Reached skill level 10 in Ice Magic
     3 | D        | Reached skill level 10 in Air Magic
     3 | D        | Reached skill level 10 in Earth Magic
     3 | D        | Reached skill level 10 in Poison Magic
     3 | D        | Reached XP level 2. HP: 22/40 MP: 6/16
     3 | D        | Reached XP level 3. HP: 25/46 MP: 6/17
     3 | D        | Reached XP level 4. HP: 29/53 MP: 6/19
     3 | D        | Reached XP level 5. HP: 32/59 MP: 6/20
     3 | D        | Reached XP level 6. HP: 36/66 MP: 6/22
     3 | D        | Reached XP level 7. HP: 39/72 MP: 6/23
     3 | D        | Reached XP level 8. HP: 43/79 MP: 6/25
     3 | D        | Reached XP level 9. HP: 47/85 MP: 6/26
     3 | D        | Reached XP level 10. HP: 50/92 MP: 6/27
     3 | D        | Reached XP level 11. HP: 54/98 MP: 6/28
     3 | D        | Reached XP level 12. HP: 58/105 MP: 6/29
     3 | D        | Reached XP level 13. HP: 61/111 MP: 6/30
     3 | D        | Noticed a bag of meat
     3 | D        | Noticed a bag of meat
     4 | D        | Noticed a bag of meat
     4 | D        | Noticed a bag of meat
     5 | D        | Became a worshipper of Makhleb the Destroyer
     6 | D        | Noticed a meat berserker
     6 | D        | Noticed a bag of meat
     7 | D        | Noticed a bag of meat
     8 | D        | Killed a bag of meat
     8 | D        | Reached XP level 14. HP: 17/120 MP: 7/32
     8 | D        | Killed a meat berserker
     8 | D        | Reached * piety under Makhleb
     8 | D        | Reached skill level 15 in Fighting
     8 | D        | Reached skill level 15 in Short Blades
     8 | D        | Reached skill level 15 in Long Blades
     8 | D        | Reached skill level 15 in Axes
     8 | D        | Reached skill level 15 in Maces & Flails
     8 | D        | Reached skill level 15 in Polearms
     8 | D        | Reached skill level 15 in Staves
     8 | D        | Reached skill level 15 in Slings
     8 | D        | Reached skill level 15 in Bows
     8 | D        | Reached skill level 15 in Crossbows
     8 | D        | Reached skill level 15 in Throwing
     8 | D        | Reached skill level 15 in Armour
     8 | D        | Reached skill level 15 in Dodging
     8 | D        | Reached skill level 15 in Stealth
     8 | D        | Reached skill level 15 in Shields
     8 | D        | Reached skill level 15 in Unarmed Combat
     8 | D        | Reached skill level 15 in Spellcasting
     8 | D        | Reached skill level 15 in Evocations
     8 | D        | Reached XP level 15. HP: 18/130 MP: 7/34
    11 | D        | Reached skill level 15 in Charms
    11 | D        | Reached XP level 16. HP: 21/141 MP: 8/37
    11 | D        | Noticed a meat berserker
    11 | D        | Noticed a meat berserker
    12 | D        | Reached ** piety under Makhleb
    13 | D        | Reached skill level 15 in Conjurations
    13 | D        | Reached skill level 15 in Hexes
    13 | D        | Reached skill level 15 in Summonings
    13 | D        | Reached skill level 15 in Necromancy
    13 | D        | Reached skill level 15 in Translocations
    13 | D        | Reached skill level 15 in Transmutations
    13 | D        | Reached skill level 15 in Fire Magic
    13 | D        | Reached skill level 15 in Ice Magic
    13 | D        | Reached skill level 15 in Air Magic
    13 | D        | Reached skill level 15 in Earth Magic
    13 | D        | Reached skill level 15 in Poison Magic
    13 | D        | Reached XP level 17. HP: 64/151 MP: 8/40
    14 | D        | Reached *** piety under Makhleb
    15 | D        | Reached XP level 18. HP: 163/163 MP: 9/42
    15 | D        | Reached **** piety under Makhleb
    16 | D        | Killed a meat berserker
    16 | D        | Killed a meat berserker
    16 | D        | Reached XP level 19. HP: 176/176 MP: 9/45
    16 | D        | Noticed a large bag of meat
    18 | D        | Noticed a meat berserker
    20 | D        | Reached ***** piety under Makhleb
    20 | D        | Reached XP level 20. HP: 188/188 MP: 10/48
    23 | D        | Killed a meat berserker
    23 | D        | Reached skill level 27 in Invocations
    23 | D        | Reached XP level 21. HP: 200/200 MP: 11/50
    23 | D        | Noticed a meat berserker
    26 | D        | Killed a large bag of meat
    26 | D        | Reached ****** piety under Makhleb
    26 | D        | Reached skill level 27 in Spellcasting
    26 | D        | Reached skill level 27 in Fighting
    26 | D        | Reached skill level 27 in Short Blades
    26 | D        | Reached skill level 27 in Long Blades
    26 | D        | Reached skill level 27 in Axes
    26 | D        | Reached skill level 27 in Maces & Flails
    26 | D        | Reached skill level 27 in Polearms
    26 | D        | Reached skill level 27 in Staves
    26 | D        | Reached skill level 27 in Slings
    26 | D        | Reached skill level 27 in Bows
    26 | D        | Reached skill level 27 in Crossbows
    26 | D        | Reached skill level 27 in Throwing
    26 | D        | Reached skill level 27 in Armour
    26 | D        | Reached skill level 27 in Dodging
    26 | D        | Reached skill level 27 in Stealth
    26 | D        | Reached skill level 27 in Shields
    26 | D        | Reached skill level 27 in Unarmed Combat
    26 | D        | Reached skill level 27 in Evocations
    26 | D        | Reached XP level 22. HP: 212/212 MP: 12/53
    26 | D        | Noticed a destroyer
    28 | D        | Noticed The Servant
    28 | D        | Noticed a large bag of meat
    29 | D        | Noticed a large bag of meat
    31 | D        | Killed The Servant
    31 | D        | Reached skill level 27 in Conjurations
    31 | D        | Reached skill level 27 in Hexes
    31 | D        | Reached skill level 27 in Charms
    31 | D        | Reached skill level 27 in Summonings
    31 | D        | Reached skill level 27 in Necromancy
    31 | D        | Reached skill level 27 in Translocations
    31 | D        | Reached skill level 27 in Transmutations
    31 | D        | Reached skill level 27 in Fire Magic
    31 | D        | Reached skill level 27 in Ice Magic
    31 | D        | Reached skill level 27 in Air Magic
    31 | D        | Reached skill level 27 in Earth Magic
    31 | D        | Reached skill level 27 in Poison Magic
    31 | D        | Reached XP level 23. HP: 219/219 MP: 13/54
    31 | D        | Killed a destroyer
    33 | D        | Reached XP level 24. HP: 219/227 MP: 14/54
    33 | D        | Noticed a large bag of meat
    35 | D        | Killed a large bag of meat
    35 | D        | Noticed a destroyer
    35 | D        | Noticed a destroyer
    35 | D        | Noticed a destroyer
    39 | D        | Killed a large bag of meat
    41 | D        | Killed a destroyer
    42 | D        | Killed a destroyer
    42 | D        | Reached XP level 25. HP: 111/234 MP: 16/54
    42 | D        | Killed a large bag of meat
    44 | D        | Noticed a destroyer
    45 | D        | Noticed a tyrant
    45 | D        | Noticed a destroyer
    47 | D        | Noticed a destroyer
    48 | D        | Noticed a destroyer
    49 | D        | Killed a destroyer
    49 | D        | Reached XP level 26. HP: 114/242 MP: 18/54
    50 | D        | Killed a destroyer
    51 | D        | Noticed a destroyer
    53 | D        | Killed a destroyer
    53 | D        | Reached XP level 27. HP: 183/249 MP: 19/54
    53 | D        | Killed a destroyer
    54 | D        | Killed a tyrant
    55 | D        | Noticed a destroyer
    55 | D        | Noticed a large bag of meat
    57 | D        | Killed a destroyer
    57 | D        | Noticed a large bag of meat
    57 | D        | Noticed an accursed
    58 | D        | Noticed a tyrant
    58 | D        | Noticed a meat beast
    59 | D        | Killed a destroyer
    60 | D        | Noticed an accursed
    61 | D        | Killed a destroyer
    62 | D        | Killed a meat beast
    62 | D        | Noticed an accursed
    63 | D        | Noticed a meat beast
    63 | D        | Noticed a dread
    64 | D        | Killed a meat beast
    65 | D        | Killed a large bag of meat
    67 | D        | Killed an accursed
    68 | D        | Killed a large bag of meat
    69 | D        | Killed a tyrant
    69 | D        | Noticed an accursed
    71 | D        | Noticed a meat beast
    75 | D        | Killed a meat beast
    76 | D        | Noticed a meat beast
    77 | D        | Killed a dread
    79 | D        | Killed an accursed
    79 | D        | Noticed a destroyer
    81 | D        | Killed a meat beast
    85 | D        | Killed an accursed
    85 | D        | Noticed a destroyer
    85 | D        | Noticed a destroyer
    86 | D        | Killed a destroyer
    87 | D        | Noticed a meat beast
    88 | D        | Killed a destroyer
    88 | D        | Noticed a tyrant
    89 | D        | Noticed a destroyer
    90 | D        | Noticed a meat beast
    90 | D        | Annihilated by a destroyer

Skill      XL: |  1  2  3  4  5  6  7  8  9 10 11 12 13 14 15 16 17 18 19 20 21 22 |
---------------+-------------------------------------------------------------------+-----
Fighting       | 13 14 15 17 18 20 22 24 25 27 | 27.0
Short Blades   | 12 13 15 16 18 20 22 23 25 27 | 27.0
Long Blades    | 12 13 15 16 18 20 22 23 25 27 | 27.0
Axes           | 13 14 15 17 18 20 22 24 25 27 | 27.0
Maces & Flails | 12 13 15 16 18 20 22 23 25 27 | 27.0
Polearms       | 12 13 15 16 18 20 22 23 25 27 | 27.0
Staves         | 12 13 15 16 18 20 22 23 25 27 | 27.0
Slings         | 12 13 15 16 18 20 22 23 25 27 | 27.0
Bows           | 12 13 15 16 18 20 22 23 25 27 | 27.0
Crossbows      | 12 13 15 16 18 20 22 23 25 27 | 27.0
Throwing       | 12 13 15 16 18 20 22 23 25 27 | 27.0
Armour         | 12 13 15 16 18 20 22 23 25 27 | 27.0
Dodging        | 13 14 15 17 18 20 22 24 25 27 | 27.0
Stealth        | 12 13 15 16 18 20 22 23 25 27 | 27.0
Shields        | 12 13 15 16 18 20 22 23 25 27 | 27.0
Unarmed Combat | 12 13 15 16 18 20 22 23 25 27 | 27.0
Spellcasting   | 13 14 15 17 19 20 22 24 25 27 | 27.0
Conjurations   | 10 11 13 14 15 17 19 20 22 23 27 | 27.0
Hexes          | 10 11 13 14 15 17 19 20 22 23 27 | 27.0
Charms         | 11 12 14 15 16 17 19 21 22 24 27 | 27.0
Summonings     | 10 11 13 14 15 17 19 20 22 23 27 | 27.0
Necromancy     | 10 11 13 14 15 17 19 20 22 23 27 | 27.0
Translocations | 10 11 13 14 15 17 19 20 22 23 27 | 27.0
Transmutations | 10 11 13 14 15 17 19 20 22 23 27 | 27.0
Fire Magic     | 10 11 13 14 15 17 19 20 22 23 27 | 27.0
Ice Magic      | 10 11 13 14 15 17 19 20 22 23 27 | 27.0
Air Magic      | 10 11 13 14 15 17 19 20 22 23 27 | 27.0
Earth Magic    | 10 11 13 14 15 17 19 20 22 23 27 | 27.0
Poison Magic   | 10 11 13 14 15 17 19 20 22 23 27 | 27.0
Invocations    | 13 14 16 18 19 21 23 25 27 | 27.0
Evocations     | 12 13 15 16 18 20 22 23 25 27 | 27.0

Action                   |  1- 3 |  4- 6 |  7- 9 | 10-12 | 13-15 | 16-18 | 19-21 | 22-24 | 25-27 || total
-------------------------+-------+-------+-------+-------+-------+-------+-------+-------+-------++-------
Melee: Executioner's axe |     1 |       |       |       |     3 |     5 |     8 |    10 |    35 ||    62
Armor: Leather armour    |       |       |       |       |       |       |       |       |     1 ||     1
Dodge: Dodged            |       |       |       |       |       |       |       |     2 |     9 ||    11
